 Dungeon Sprint DCSS version 0.31-a0-743-g45f7035092 (webtiles) character file.

Game seed: 11367857442765979482

4408 sircluck the Grappler (level 10, -3/115 HPs)
             Began as a Troll Berserker on Sept 12, 2023.
             Was the Champion of Trog.
             Slain by a swamp drake (4 damage)
             ... in the Dungeon (Sprint VII: "The Pits").
             The game lasted 00:02:44 (730 turns).

sircluck the Grappler (Troll Berserker)              Turns: 730, Time: 00:02:44

Health: -3/115     AC:  5    Str: 31    XL:     10   Next: 14%
Magic:  9/9        EV: 13    Int:  3    God:    Trog [******]
Gold:   0          SH:  0    Dex:  9    Spells: 9/9 levels left

rFire   . .          .
                       - Unarmed
rCold   . . .        (no shield)
rNeg    . . .        h - +0 troll leather armour
rPois   .            (helmet restricted)
rElec   .            (no cloak)
rCorr   .            (gloves unavailable)
SInv    .            (boots unavailable)
Will    .....        (no amulet) Stlth
                     (no ring)
HPRegen 1.99/turn    (no ring)
MPRegen 0.11/turn

%: no teleportation
@: confused, lethally poisoned (-3 -> -4)
A: large, unfitting armour, claws 3, regeneration 1, shaggy fur 1, tough skin 1
a: Renounce Religion, Berserk, Trog's Hand, Brothers in Arms


You were in the Dungeon.
You worshipped Trog.
Trog was exalted by your worship.
You visited 1 branch

Inventory:

Armour
 a - a +0 animal skin
 h - a +0 troll leather armour (worn)
Jewellery
 l - a +3 ring of protection
 n - a +3 ring of protection
Scrolls
 g - a scroll of blinking
 j - 2 scrolls of vulnerability
 k - a scroll of butterflies
Potions
 b - 8 potions of curing
 c - 10 potions of heal wounds
 d - 2 potions of haste
 e - 4 potions of magic
 f - 4 potions of berserk rage
 i - 2 potions of invisibility
 m - 2 potions of mutation


   Skills:
 + Level 12.2 Fighting
 + Level 12.0 Dodging
 + Level 14.1 Unarmed Combat


You had 9 spell levels left.
You didn't know any spells.
Your spell library was empty.

Dungeon Overview and Level Annotations

Branches:
Dungeon (1/1)

Altars:
Ashenzari
Cheibriados
Dithmenos
Elyvilon
Fedhas
Gozag
Hepliaklqana
Kikubaaqudgha
Makhleb
Nemelex Xobeh
Okawaru
Qazlal
Ru
Sif Muna
Trog
Uskayaw
Vehumet
Wu Jian
Xom
Yredelemnul
Zin
The Shining One
Jiyva
Lugonu

Annotations:
D Agnes


Innate Abilities, Weirdness & Mutations

You are too large for most types of armour.
You have claws for hands.
Your natural rate of healing is unusually fast.
You are covered in fur. (AC +1)
You have tough skin. (AC +1)


Message History

You open the door.
A two-headed ogre, an orc priest, an orc and Agnes come into view.
Agnes is wielding a +4 lajatang of venom and wearing a +2 robe of resistance.
You feel very sick.
The two-headed ogre shouts in stereo!
The orc priest shouts!
Agnes shouts!
The hellwing hits you but does no damage.
The hellwing closely misses you.
An orc wizard comes into view. It is wielding a +0 dagger.
The swamp drake breathes poison at you.
The noxious blast engulfs you but does no damage.
You are more poisoned.
A great orb of eyes comes into view.
An orc priest comes into view. It is wielding a +0 falchion.
Agnes moves out of view.
A steam dragon comes into view.
You are engulfed in noxious fumes.
You choke on the stench!
You are confused.
You feel very sick.
The orc priest shouts!
The steam dragon hisses angrily.
Agnes says, "The ORB is mine by right."
The two-headed ogre is engulfed in noxious fumes.
The two-headed ogre hits you with a +0 giant spiked club!
The two-headed ogre barely misses you. The hellwing attacks as it pursues you!
The hellwing hits you.
* * * LOW HITPOINT WARNING * * *
The hellwing closely misses you.
The steam dragon moves out of view.
There is an open door, spattered with blood here.
You bump into the metal wall.
You are engulfed in noxious fumes.
You choke on the stench!
You are more confused.
You feel very sick. The hellwing hits you!
* * * LOW HITPOINT WARNING * * *
The hellwing hits you.
* * * LOW HITPOINT WARNING * * *
The orc priest invokes the aid of Beogh against you.
Beogh smites you!
* * * LOW HITPOINT WARNING * * *
You bump into the metal wall.
* * * LOW HITPOINT WARNING * * *
You feel sick. The swamp drake bites you.
You die...

.......''.x#########
#......##...........
.......##...........
''##################
''##### ###########
......# #.........#
......# #.....○.#
#....## ####..4####
##'†## ###..')†k@Oo#
#....###....##+##..Go.#
......#....## #i...#
......)....+ Do..+
......#....# ...#
#.)..###....# ..o#
##''## ###..+ #..#
#....## #### ###
......#


You could see Agnes, a great orb of eyes, a two-headed ogre, a hellwing, a swamp
drake (catching breath), a steam dragon, 2 orc priests, an orc wizard and an
orc.

Vanquished Creatures
  A boulder beetle (D)
  Sonja (D)
  A flayed ghost (D)
  A phantasmal warrior (D)
  A black mamba (D)
  An orange demon (D)
  An ice devil (D)
  A troll (D)
  A flying skull (D)
  A spriggan (D)
  A ynoxinul (D)
  A floating eye (D)
  An ice beast (D)
  2 swamp drakes (D)
  A centaur (D)
  A small abomination (D)
  A crimson imp (D)
  3 hounds (D)
  An orc priest (D)
  A jelly (D)
  A gnoll bouda (D)
  7 gnolls (D)
  2 white imps (D)
  An adder skeleton (D)
  A bat zombie (D)
  A giant cockroach (D)
  2 quokkas (D)
  3 frilled lizards (D)
  2 rats (D)
43 creatures vanquished.

Notes
Turn   | Place    | Note
-------+----------+-------------------------------------------
     0 | D        | sircluck the Troll Berserker began the quest for the Orb.
     0 | D        | Reached XP level 1. HP: 22/22 MP: 0/0
    28 | D        | Noticed a swamp drake
    28 | D        | Noticed a troll
    47 | D        | Killed a swamp drake
    48 | D        | Reached skill level 5 in Unarmed Combat
    48 | D        | Reached XP level 2. HP: 23/33 MP: 1/1
    48 | D        | Reached XP level 3. HP: 28/41 MP: 2/2
    48 | D        | Reached XP level 4. HP: 34/49 MP: 3/3
    95 | D        | Noticed a small abomination
   109 | D        | Killed a troll
   110 | D        | Reached skill level 8 in Unarmed Combat
   110 | D        | Reached XP level 5. HP: 50/61 MP: 4/4
   110 | D        | Reached XP level 6. HP: 57/68 MP: 5/5
   112 | D        | Reached ** piety under Trog
   205 | D        | Found a bloodstained altar of Trog.
   205 | D        | Found a shimmering blue altar of Sif Muna.
   205 | D        | Found a viscous altar of Jiyva.
   205 | D        | Found a hazy altar of Hepliaklqana.
   205 | D        | Found an opulent altar of Gozag.
   206 | D        | Found a glowing golden altar of the Shining One.
   206 | D        | Found a glowing silver altar of Zin.
   206 | D        | Found a basalt altar of Yredelemnul.
   206 | D        | Found a shimmering altar of Xom.
   206 | D        | Found an ornate altar of the Wu Jian Council.
   206 | D        | Found a sacrificial altar of Ru.
   206 | D        | Found a stormy altar of Qazlal.
   206 | D        | Found an iron altar of Okawaru.
   206 | D        | Found a sparkling altar of Nemelex Xobeh.
   206 | D        | Found a burning altar of Makhleb.
   206 | D        | Found a blossoming altar of Fedhas.
   206 | D        | Found a white marble altar of Elyvilon.
   206 | D        | Found a shadowy altar of Dithmenos.
   206 | D        | Found a snail-covered altar of Cheibriados.
   231 | D        | Found a corrupted altar of Lugonu.
   231 | D        | Found a radiant altar of Vehumet.
   232 | D        | Found a broken altar of Ashenzari.
   232 | D        | Found an ancient bone altar of Kikubaaqudgha.
   232 | D        | Found a hide-covered altar of Uskayaw.
   248 | D        | Noticed a floating eye
   250 | D        | Paralysed by a floating eye for 3 turns
   254 | D        | Killed a floating eye
   254 | D        | Reached *** piety under Trog
   255 | D        | Reached skill level 9 in Unarmed Combat
   269 | D        | Reached **** piety under Trog
   312 | D        | Noticed a flying skull
   324 | D        | Reached XP level 7. HP: 79/79 MP: 6/6
   346 | D        | Killed a flying skull
   347 | D        | Reached skill level 10 in Unarmed Combat
   361 | D        | Reached ***** piety under Trog
   390 | D        | Reached XP level 8. HP: 92/92 MP: 7/7
   403 | D        | Received a gift from Trog
   404 | D        | Reached skill level 11 in Unarmed Combat
   514 | D        | Noticed an orange demon
   514 | D        | Noticed a boulder beetle
   529 | D        | Killed a boulder beetle
   530 | D        | Reached skill level 10 in Fighting
   530 | D        | Reached skill level 10 in Dodging
   530 | D        | Reached skill level 12 in Unarmed Combat
   531 | D        | Reached ****** piety under Trog
   536 | D        | Killed an orange demon
   537 | D        | Reached XP level 9. HP: 79/102 MP: 8/8
   592 | D        | Noticed a phantasmal warrior
   592 | D        | Noticed an ice devil
   599 | D        | Killed a phantasmal warrior
   599 | D        | Received a gift from Trog
   602 | D        | Killed an ice devil
   603 | D        | Reached skill level 13 in Unarmed Combat
   652 | D        | Noticed a flayed ghost
   652 | D        | Noticed a black mamba
   660 | D        | Killed a black mamba
   671 | D        | Killed a flayed ghost
   720 | D        | Noticed Sonja
   722 | D        | Killed Sonja
   723 | D        | Reached skill level 14 in Unarmed Combat
   723 | D        | Reached XP level 10. HP: 89/115 MP: 9/9
   727 | D        | Noticed a two-headed ogre
   727 | D        | Noticed Agnes
   727 | D        | Noticed a great orb of eyes
   729 | D        | HP: 1/115 [orc priest/divine providence (11)]
   730 | D        | Slain by a swamp drake

Illustrated notes

Levels and vault maps discovered:
D:        pitsprint [storerooms_1, entrance_room_1, metal_vault_2, armoury_2,
          mini_pit_1, grid_room_1, main_hall_1, silver_pit, the_coven_3,
          the_vestibule_1, steel_vault_4, golden_pit, hallway_of_sentries,
          crystal_vault_6, iron_vault_5, final_vault]

Skill      XL: |  1  2  3  4  5  6  7  8  9 |
---------------+----------------------------+-----
Fighting       | 4 6 7 9 10 12 | 12.2
Dodging        | 4 6 7 9 10 12 | 12.0
Unarmed Combat | 5 8 9 10 12 14 | 14.1

Action                     |  1- 3 |  4- 6 |  7- 9 | 10-12 || total
---------------------------+-------+-------+-------+-------++-------
  Melee: Unarmed           |     4 |    25 |    94 |     1 ||   124
         Punch             |       |     1 |     7 |       ||     8
 Invoke: Berserk           |     1 |     1 |     3 |       ||     5
 Armour: Animal skin       |     3 |     6 |       |       ||     9
         Troll leather arm |       |    13 |    65 |     7 ||    85
  Dodge: Dodged            |     4 |    13 |    50 |     5 ||    72

Table legend: (Time is in decaauts)
 A = Elapsed time spent in this place.
 B = Non-inter-level travel time spent in this place.
 C = Inter-level travel time spent in this place.
 D = Time resting spent in this place.
 E = Time spent auto-exploring this place.
 F = Levels seen in this place.
 G = Mean time per level.
                   A        B        C        D        E       F      G
               +--------+--------+--------+--------+--------+-----+--------+
         Total |    753 |    753 |      0 |    262 |    143 |   1 |  753.0 |
       Dungeon |    753 |    753 |      0 |    262 |    143 |   1 |  753.0 |
               +--------+--------+--------+--------+--------+-----+--------+

Top non-repeatable levels by time:
       D: 753 daAuts
